 Dungeon Crawl Stone Soup version 0.29-a0-1052-g6990b1bffc (webtiles) character file.

Game seed: 12227723204460763944

1988 siradein the Purveyor of Pain (level 9, -1/69 HPs)
             Began as a Demonspawn Necromancer on Aug 17, 2022.
             Was an Initiate of Kikubaaqudgha.
             Slain by a white imp (5 damage)
             ... on level 5 of the Dungeon on Aug 18, 2022.
             The game lasted 00:18:18 (7708 turns).

siradein the Purveyor of Pain (DsNe)                Turns: 7708, Time: 00:18:20

Health: -1/69      AC:  5    Str:  9    XL:     9   Next: 1%
Magic:  16/17      EV: 11    Int: 20    God:    Kikubaaqudgha [......]
Gold:   501        SH:  4    Dex: 14    Spells: 9/19 levels left

rFire   . . .      SeeInvis .   k - +1 falchion (flame)
rCold   . . .      Faith    .   (no shield)
rNeg    . . .      Spirit   .   z - +0 leather armour
rPois   .          Reflect  .   (helmet restricted)
rElec   .          Harm     .   (no cloak)
rCorr   .          Rampage  .   v - +0 pair of gloves
Will    .....                   D - +0 pair of boots
Stlth   ++........              (no amulet)
HPRegen 0.21/turn               (no ring)
MPRegen 0.15/turn               (no ring)

@: no status effects
A: horns 1, condensation shield, demonic magic 2
a: Renounce Religion


You were on level 5 of the Dungeon.
You worshipped Kikubaaqudgha.
Kikubaaqudgha was noncommittal.
You visited 2 branches of the dungeon, and saw 8 of its levels.

You collected 501 gold pieces.

Inventory:

Hand Weapons
 k - a +1 falchion of flaming (weapon)
 y - a +2 dagger of draining
Armour
 v - a +0 pair of gloves (worn)
 z - a +0 leather armour (worn)
 D - a +0 pair of boots (worn)
Magical Staves
 f - a staff of death
Scrolls
 d - 3 scrolls of immolation {unknown}
 e - 2 scrolls of amnesia
 h - a scroll of vulnerability
 l - a scroll of brand weapon {unknown}
 m - 2 scrolls of fog {unknown}
 n - a scroll of acquirement
 o - 5 scrolls of teleportation
 p - 3 scrolls of enchant weapon {unknown}
 q - 3 scrolls of summoning {unknown}
 s - 2 scrolls of blinking
 A - a scroll of poison {unknown}
 B - a scroll of noise {unknown}
 C - a scroll of torment {unknown}
Potions
 a - 2 potions of brilliance {unknown}
 b - 2 potions of magic
 c - 3 potions of lignification
 g - 2 potions of heal wounds
 i - 3 potions of curing
 j - 2 potions of attraction
 r - a potion of ambrosia {unknown}
 t - 4 potions of might
 u - 2 potions of flight
 w - a potion of degeneration {unknown}
 x - a potion of haste {unknown}


   Skills:
 + Level 6.0 Fighting
 - Level 1.7 Dodging
 - Level 1.7 Stealth
 + Level 5.9 Spellcasting
 + Level 8.0 Necromancy
 + Level 4.3 Earth Magic


You had 9 spell levels left.
You knew the following spells:

 Your Spells              Type           Power      Damage    Failure   Level
a - Necrotise             Necr           100%       1d9       1%          1
b - Animate Dead          Necr           38%        N/A       5%          4
c - Borgnjor's Vile Clut  Necr/Erth      15%        N/A       32%         5

Your spell library contained the following spells:

 Spells                   Type           Power      Damage    Failure   Level
 Sublimation of Blood     Necr           38%        N/A       1%          2
 Vampiric Draining        Necr           38%        2d8       1%          3
 Passwall                 Tmut/Erth      11%        N/A       10%         2
 Apportation              Tloc           10%        N/A       16%         1
 Sting                    Tmut/Pois      20%        1d4       16%         1
 Summon Small Mammal      Summ           20%        N/A       16%         1
 Agony                    Necr           38%        N/A       16%         5
 Ensorcelled Hibernation  Hex/Ice        10%        N/A       22%         2
 Poisonous Vapours        Pois/Air       10%        N/A       22%         2
 Static Discharge         Conj/Air       5%         3-4/arc   22%         2
 Swiftness                Air            5%         N/A       41%         3
 Olgreb's Toxic Radiance  Pois           5%         N/A       83%         4
 Lightning Bolt           Conj/Air       2%         1d14      99%         5
 Storm Form               Tmut/Air       2%         N/A       100%        7
 Borgnjor's Revivificati  Necr           19%        N/A       100%        8
 Maxwell's Capacitive Co  Air            2%         ∞         100%        8
 Death's Door             Necr           19%        N/A       100%        9


Dungeon Overview and Level Annotations

Branches:
Dungeon (7/15)             Temple (1/1) D:6

Altars:
Ashenzari
Cheibriados
Fedhas
Hepliaklqana
Kikubaaqudgha
Nemelex Xobeh
Qazlal
Sif Muna
Vehumet
Yredelemnul


Innate Abilities, Weirdness & Mutations

You have a pair of small horns on your head.
A meltable shield of frost defends you. (SH +4)
Spells you cast may paralyse nearby enemies.


Message History

You are too injured to fight recklessly!
You are too injured to fight recklessly!
You are too injured to fight recklessly!
You hit the white imp but do no damage. You headbutt the white imp.
The white imp is lightly wounded.
The white imp hits you. The white imp freezes you.
You barely miss the white imp. You headbutt the white imp.
The white imp is heavily wounded.
The white imp hits you. The white imp freezes you.
* * * LOW HITPOINT WARNING * * *
You closely miss the white imp.
The white imp is heavily wounded.
The white imp gestures at you. The puff of frost hits you.
* * * LOW HITPOINT WARNING * * *
The white imp hits you but does no damage.
You barely miss the white imp. Your headbutt misses the white imp.
The white imp is heavily wounded.
The white imp gestures at you. The puff of frost hits you.
* * * LOW HITPOINT WARNING * * *
You hit the white imp but do no damage. Your headbutt misses the white imp.
The white imp is heavily wounded.
The white imp gestures at you. The puff of frost hits you.
* * * LOW HITPOINT WARNING * * *
You closely miss the white imp. You headbutt the white imp.
The white imp is heavily wounded.
The white imp gestures at you. The puff of frost hits you.
* * * LOW HITPOINT WARNING * * *
You hit the white imp. You burn the white imp.
Your headbutt misses the white imp.
The white imp is almost dead.
The white imp grins evilly.
The white imp hits you.
* * * LOW HITPOINT WARNING * * *
The white imp freezes you.
You die...
Kikubaaqudgha rasps: "You have failed me!
Welcome... death!"

# ##### ..
#...##...
#......
#...#
#>..######
+.@5......
#.........
#.........
#.........
#...#####'
#...#
+....
#....


You could see a white imp.

Vanquished Creatures
  An orc warrior (D:7)
  A sky beast (D:5)
  3 ogres
  2 black bears
  A centaur (D:5)
  A phantom (D:5)
  A kobold brigand (D:6)
  A gnoll sergeant (D:6)
  2 scorpions (D:5)
  6 hounds
  An orc priest (D:5)
  2 jellies
  Jessica (D:3)
  4 iguanas
  3 orc wizards (D:5)
  2 gnolls (D:6)
  11 adders
  A white imp (D:6)
  3 ufetubi (D:5)
  3 dart slugs
  4 orcs (D:5)
  7 bats
  9 endoplasms
  5 giant cockroaches
  6 goblins
  4 hobgoblins
  6 quokkas
  13 ball pythons
  7 frilled lizards
  11 kobolds
  5 rats
127 creatures vanquished.

Vanquished Creatures (collateral kills)
  A yak (D:5)
  A necrophage (D:6)
  A hound (D:4)
  A gnoll (D:6)
  An adder (D:5)
  An ufetubus (D:6)
  A worm (D:5)
  A dart slug (D:5)
  An orc (D:5)
  2 ball pythons
  An endoplasm (D:1)
  2 goblins
  A hobgoblin (D:4)
  2 kobolds (D:6)
  A rat (D:3)
18 creatures vanquished.

Vanquished Creatures (others)
  2 hound zombies (D:5)
  A jelly zombie (D:7)
3 creatures vanquished.

Grand Total: 148 creatures vanquished

Notes
Turn   | Place    | Note
-------+----------+-------------------------------------------
     0 | D:1      | siradein the Demonspawn Necromancer began the quest for the
                  | Orb.
     0 | D:1      | Reached XP level 1. HP: 13/13 MP: 3/3
   526 | D:1      | Gained mutation: Spells you cast may paralyse adjacent
                  | enemies. [demonic ancestry]
   526 | D:1      | Reached XP level 2. HP: 20/20 MP: 1/5
   635 | D:1      | Reached skill level 1 in Fighting
   825 | D:1      | Found a faded altar of an unknown god.
  1319 | D:1      | Reached XP level 3. HP: 26/26 MP: 3/6
  1699 | D:2      | Reached skill level 5 in Necromancy
  1762 | D:2      | Gained mutation: A meltable shield of frost defends you.
                  | (SH +4) [demonic ancestry]
  1762 | D:2      | Reached XP level 4. HP: 29/33 MP: 4/8
  2827 | D:3      | Learned a level 4 spell: Animate Dead
  3022 | D:3      | Gained mutation: Spells you cast may paralyse nearby
                  | enemies. [demonic ancestry]
  3022 | D:3      | Reached XP level 5. HP: 39/39 MP: 6/9
  3218 | D:3      | Noticed Jessica
  3225 | D:3      | Killed Jessica
  3483 | D:3      | Learned a level 4 spell: Animate Dead
  3484 | D:3      | Identified 2 scrolls of acquirement
  3484 | D:3      | Acquired the Anthology of Lethal Clouds
  3919 | D:4      | Reached XP level 6. HP: 47/47 MP: 6/11
  4193 | D:4      | Learned a level 5 spell: Borgnjor's Vile Clutch
  4195 | D:5      | Entered Level 5 of the Dungeon
  4226 | D:5      | Reached skill level 6 in Necromancy
  4269 | D:5      | Reached skill level 1 in Earth Magic
  4354 | D:5      | Found a basalt altar of Yredelemnul.
  4445 | D:5      | Found a radiant altar of Vehumet.
  4650 | D:5      | Reached XP level 7. HP: 50/53 MP: 7/13
  5380 | D:5      | Reached skill level 7 in Necromancy
  5380 | D:5      | Reached XP level 8. HP: 55/61 MP: 0/15
  5501 | D:5      | Reached skill level 5 in Spellcasting
  5506 | D:5      | Reached skill level 5 in Fighting
  6201 | D:6      | Found a staircase to the Ecumenical Temple.
  6252 | Temple   | Entered the Ecumenical Temple
  6279 | Temple   | Became a worshipper of Kikubaaqudgha
  7365 | D:6      | Reached skill level 8 in Necromancy
  7619 | D:7      | Noticed a komodo dragon
  7637 | D:7      | Gained mutation: You have a pair of small horns on your
                  | head. [demonic ancestry]
  7637 | D:7      | Reached XP level 9. HP: 20/69 MP: 5/17
  7708 | D:5      | Slain by a white imp

Illustrated notes

Levels and vault maps discovered:
D:1:      heliophobic_arrival_battle_scene, layout_basic,
          ebering_ecumenical_altar_hall, minmay_box_of_dots
D:2:      layout_basic, minmay_snake_closets
D:3:      layout_basic, st_stairs_6, minmay_misc_feat_four_crosses,
          kennysheep_jessica_study
D:4:      layout_rooms
D:5:      kennysheep_windowed_halls, layout_gridville, minitemple
D:6:      layout_basic, temple_statues, minmay_crystal_water
D:7:      layout_loops_ring, serial_shops, nicolae_shop_advertising_works
          [nicolae_subvault_shop_adworks]
Temple:   hellmonk_temple_of_storms

Skill      XL: |  1  2  3  4  5  6  7  8 |
---------------+-------------------------+-----
Fighting       | 1 2 3 4 6 |  6.0
Necromancy     | 5 6 7 8 |  8.0
Spellcasting   | 3 4 5 |  5.9
Earth Magic    | 1 2 4 |  4.3
Dodging        | |  1.7
Stealth        | |  1.7

Action                   |  1- 3 |  4- 6 |  7- 9 || total
-------------------------+-------+-------+-------++-------
Melee: Unarmed           |     3 |       |       ||     3
       Staff             |     5 |     1 |     4 ||    10
       Falchion          |       |       |    47 ||    47
       Dagger            |       |       |     1 ||     1
       Headbutt          |       |       |     3 ||     3
 Cast: Necrotise         |    58 |   118 |   142 ||   318
       Animate Dead      |       |       |     7 ||     7
  Use: Scroll            |       |     8 |     3 ||    11
Armor: Robe              |     7 |     1 |       ||     8
       Leather armour    |       |     3 |    16 ||    19
Dodge: Dodged            |    14 |    12 |    58 ||    84
Block: Other             |       |     7 |    20 ||    27

Table legend: (Time is in decaauts)
 A = Elapsed time spent in this place.
 B = Non-inter-level travel time spent in this place.
 C = Inter-level travel time spent in this place.
 D = Time resting spent in this place.
 E = Time spent auto-exploring this place.
 F = Levels seen in this place.
 G = Mean time per level.
                   A        B        C        D        E       F      G
               +--------+--------+--------+--------+--------+-----+--------+
         Total |   7717 |   7338 |    379 |      0 |   6211 |   8 |  964.6 |
       Dungeon |   7679 |   7300 |    379 |      0 |   6194 |   7 | 1097.0 |
        Temple |     37 |     37 |      0 |      0 |     17 |   1 |   37.0 |
               +--------+--------+--------+--------+--------+-----+--------+

Top non-repeatable levels by time:
     D:5: 1648 daAuts
     D:6: 1595 daAuts
     D:1: 1446 daAuts
     D:2: 1349 daAuts
     D:3: 768 daAuts
     D:4: 717 daAuts
     D:7: 152 daAuts
  Temple: 37 daAuts
